 Dungeon Crawl Stone Soup version 0.24.0 (webtiles) character file.

Game seed: 8672147872851527554, levelgen mode: deterministic

28 NeoElementia the Changer (level 3, -2/31 HPs)
             Began as a Naga Transmuter on Mar 5, 2020.
             Slain by a quokka (3 damage)
             ... on level 2 of the Dungeon.
             The game lasted 00:08:33 (1404 turns).

NeoElementia the Changer (Naga Transmuter)          Turns: 1404, Time: 00:08:34

Health: -2/31      AC:  9    Str: 12    XL:     3   Next: 14%
Magic:  5/6        EV:  9    Int: 14    God:
Gold:   60         SH:  0    Dex: 11    Spells: 3/6 levels left

rFire    . . .     SeeInvis +   h - +2 short sword (protect)
rCold    . . .     Gourm    .   (no shield)
rNeg     . . .     Faith    .   c - +0 leather armour
rPois    +         Spirit   .   (no helmet)
rElec    .         Reflect  .   (no cloak)
rCorr    .         Harm     .   (no gloves)
MR       .....                  (no barding)
Stlth    +.........             (no amulet)
HPRegen  0.10/turn              (no ring)
MPRegen  0.10/turn              (no ring)

@: appendage, protection aura, very slightly contaminated, very slow
A: large, horns 2, see invisible, deformed body, poison resistance, slowness 2,
slow metabolism 1, spit poison 1, AC +1
a: Spit Poison, End Transformation


You were on level 2 of the Dungeon.
You were not hungry.
You had grown temporary horns.
You visited 1 branch of the dungeon, and saw 2 of its levels.

You collected 60 gold pieces.

Inventory:

Hand Weapons
 e - a +0 club
 f - a +0 spear
 h - a +2 short sword of protection (weapon)
Missiles
 a - 12 arrows
Armour
 b - a +0 robe
 c - a +0 leather armour (worn)
Comestibles
 d - a ration


   Skills:
 - Level 1.0 Fighting
 - Level 0.3 Polearms
 + Level 0.1 Armour
 - Level 1.5 Dodging
 - Level 0.2 Stealth
 - Level 3.0 Unarmed Combat
 - Level 2.0 Spellcasting
 * Level 3.3 Transmutations


You had 3 spell levels left.
You knew the following spells:

 Your Spells              Type           Power        Failure   Level  Hunger
a - Beastly Appendage     Tmut           ##....       8%          1    ##.....
b - Sticks to Snakes      Tmut           ##......     12%         2    ###....

Your spell library contained the following spells:

 Spells                   Type           Power        Failure   Level  Hunger
 Spider Form              Tmut/Pois      #.........   41%         3    ####...
 Ice Form                 Ice/Tmut       #.......     83%         4    #####..
 Blade Hands              Tmut           ##........   91%         5    ######.


Dungeon Overview and Level Annotations

Branches:
Dungeon (2/15)

Altars:

Annotations:
D:2 Jessica


Innate Abilities, Weirdness & Mutations

You cannot wear boots.
Your serpentine skin is tough. (AC +1)
You have supernaturally acute eyesight. (SInv)
Armour fits poorly on your strangely shaped body.
Your system is resistant to poisons. (rPois)
You cover ground very slowly.
You have a slow metabolism.
You can spit poison.
You have a pair of horns on your head.


Message History

The kobold barely misses you. x2
You hit the kobold but do no damage. The quokka barely misses you.
The quokka bites you but does no damage.
The kobold hits you but does no damage.
You barely miss the kobold. The quokka closely misses you.
The kobold hits you but does no damage.
You hit the kobold but do no damage. The quokka bites you.
* * * LOW HITPOINT WARNING * * *
The kobold hits you but does no damage.
Casting: Beastly Appendage (safe; 8% risk of failure)
Confirm with . or Enter, or press ? or * to list all spells.
You grow a pair of large bovine horns.
The quokka barely misses you.
Jessica mumbles some strange words.
Jessica seems to speed up.
The quokka bites you.
* * * LOW HITPOINT WARNING * * *
The kobold closely misses you.
You hit the kobold.
You kill the kobold!
The quokka bites you.
You die...

######......
#...<.K.....
#....#.§Kb[..!. .@#
##.(.......
#..(.#####. .
###....# ...#....###
#
........#######.###..
......%.@.K@r........
....!.#########...###
....#. ### ......
.....


You could see Jessica, a quokka and a kobold.

Vanquished Creatures
  A dart slug (D:1)
  7 bats
  A giant cockroach (D:1)
  2 goblins (D:1)
  2 hobgoblins (D:1)
  A quokka (D:2)
  A frilled lizard (D:1)
  5 kobolds
  6 rats (D:1)
26 creatures vanquished.

Notes
Turn   | Place    | Note
-------+----------+-------------------------------------------
     0 | D:1      | NeoElementia the Naga Transmuter began the quest for the
                  | Orb.
     0 | D:1      | Reached XP level 1. HP: 18/18 MP: 3/3
   327 | D:1      | Reached XP level 2. HP: 21/25 MP: 3/5
   337 | D:1      | Learned a level 2 spell: Sticks to Snakes
  1364 | D:2      | Noticed Jessica
  1371 | D:2      | Reached XP level 3. HP: 19/31 MP: 4/6
  1403 | D:2      | HP: 1/31 [quokka (1)]
  1404 | D:2      | Slain by a quokka

Levels and vault maps discovered:
D:1:      dpeg_arrival_rhombus, layout_basic
D:2:      layout_rooms, kennysheep_slug_shrine, uniq_jessica
